 Dungeon Crawl Stone Soup version 0.17.0-28-g6e173f8 (webtiles) character file.

2068 ventricule the Carver (level 9, -8/70 HPs)
             Began as a Hill Orc Assassin on Nov 23, 2015.
             Was a High Priest of Cheibriados.
             Mangled by an orc warrior
             ... wielding a +0 glaive
              (10 damage)
             ... on level 6 of the Dungeon on Nov 24, 2015.
             The game lasted 00:22:12 (7119 turns).

ventricule the Carver (Hill Orc Assassin)           Turns: 7119, Time: 00:22:12

Health: -8/70      AC: 10    Str: 33    XL:     9   Next: 26%
Magic:  9/9        EV: 14    Int: 24    God:    Cheibriados [*****.]
Gold:   210        SH:  0    Dex: 27    Spells: 0 memorised, 8 levels left

rFire  . . .     SeeInvis .     N - +0 great sword "Pendulum" {venom, Str+3}
rCold  . . .     Clarity  .     k - +0 ring mail
rNeg   . . .     SustAt   .     (shield currently unavailable)
rPois  .         Gourm    .     J - +1 hat
rElec  .         Spirit   .     q - +2 cloak {+Inv}
rCorr  .         Warding  .     (no gloves)
rMut   .         Stasis   .     (no boots)
MR     .....                    (no amulet)
Stlth  +++.......               v - ring of stealth
                                M - +2 ring of strength

@: very slow, not resistant to hostile enchantments, fairly stealthy
A: no striking features
a: Bend Time, Temporal Distortion, Slouch, Step From Time, Renounce Religion,
Convert to Beogh, Evoke Invisibility


You were on level 6 of the Dungeon.
You worshipped Cheibriados.
Cheibriados was extremely pleased with you.
You were not hungry.

You visited 1 branch of the dungeon, and saw 6 of its levels.
You also visited: Sewer.

You collected 267 gold pieces.
You spent 57 gold pieces at shops.


   Skills:
 - Level 3.5 Fighting
 - Level 2.0(6.1) Short Blades
 + Level 10.1(10.2) Long Blades
 - Level 1.7 Throwing
 - Level 4.0 Armour
 - Level 3.2 Dodging
 - Level 3.2 Stealth
 - Level 4.3 Shields


You had 8 spell levels left.
You didn't know any spells.

Inventory:

Hand Weapons
 a - a +0 falchion
 b - a +0 blowgun
 n - a +2 dagger
 o - a +0 short sword of draining
 G - a +1 long sword of pain
 N - the +0 great sword "Pendulum" (weapon) {venom, Str+3}

   It poisons the flesh of those it strikes.
   It affects your strength (+3).
Missiles
 e - 46 poisoned needles
 f - 2 curare-tipped needles {=f}
 m - 6 needles of slowing
Armour
 c - a +0 robe
 d - a +1 cloak
 k - a +0 ring mail (worn)
 l - a +0 buckler
 q - a +2 cloak of invisibility (worn)
 r - a +0 helmet
 J - a +1 hat (worn)
Jewellery
 v - a ring of stealth (right hand)
 B - an uncursed ring of fire
 H - an uncursed ring of ice
 M - a +2 ring of strength (left hand)
Wands
 y - a wand of random effects (31)
 I - a wand of lightning (5)
Scrolls
 p - 4 scrolls of remove curse
 w - 2 scrolls of teleportation {@r4}
 z - 2 scrolls of fog
 K - a scroll of immolation {!r}
 P - a scroll of identify {@r1}
 R - a scroll of recharging
Potions
 h - 3 potions of lignification {!q}
 i - 2 potions of flight {unknown}
 j - 2 potions of poison {!q}
 s - 4 potions of curing {@q1}
 x - 2 potions of agility {unknown}
 A - a potion of haste {unknown}
 C - 2 potions of mutation {unknown}
 D - a potion of resistance {unknown}
 F - 2 potions of might
 L - a potion of beneficial mutation {unknown}
 O - 2 potions of cure mutation
 Q - a potion of invisibility {unknown}
Books
 E - an Akashic Record

   Spells                             Type                      Level
   a - Dispersal                      Translocation                6
   b - Malign Gateway                 Summoning/Translocation      7
   c - Disjunction                    Translocation                8
   d - Controlled Blink               Translocation                8
Comestibles
 g - 3 bread rations
 t - a royal jelly
 u - 4 meat rations

Dungeon Overview and Level Annotations

Branches:
Dungeon (6/15)             Temple (0/1) D:4

Altars:
Cheibriados
Gozag
Nemelex Xobeh
Qazlal
Trog
Zin

Shops:
D:4 * D:5

= .. ▒▒........▒▒ ▒
▒.▒ ▒..........▒▒▒ .o▒
▒..........▒▒. ..▒
▒▒........▒▒▒. o.
▒▒▒▒.▒▒▒▒▒▒▒. ▒F ▒.▒
▒▒.. ▒o▒▒ ▒▒▒.▒ ▒...
▒.▒▒.)▒ ▒...▒ ▒▒..
▒....o▒▒▒▒▒.▒▒▒▒▒▒▒...
▒▒▒▒▒...▒...........▒▒
▒▒▒...▒.▒▒▒▒▒▒▒▒▒
▒[....▒ ▒ ▒....▒▒ ▒
▒.....▒ ▒ ▒▒.....▒ ▒
▒..▒..▒▒ ▒ ▒▒▒.†....▒


You could see an orc warrior, a giant frog and 2 orc priests.


Message History

F - 2 potions of might (gained 1)
Found a bloodstained altar of Trog and a glowing silver altar of Zin.
Found a sedimented grey potion.
You see here a ring mail.
An orc comes into view. It is wielding a club.
The orc shouts!
An orc warrior comes into view. It is wielding a glaive.
A giant frog comes into view.
The orc warrior shouts!
The giant frog croaks.
You slash the orc!
You kill the orc!
Cheibriados appreciates the change of pace.
An orc priest comes into view.
An orc priest comes into view. It is wielding a war axe.
The orc warrior hits you with a glaive!!
The orc priest shouts! x2
Things that are here:
a club; a leather armour; an orc corpse You hit the orc warrior but do no damage.
The orc warrior is poisoned.
The orc priest mumbles some strange prayers to Beogh against you.
Something smites you!
* * * LOW HITPOINT WARNING * * *
The orc warrior hits you with a glaive!
* * * LOW HITPOINT WARNING * * *
The orc priest mumbles some strange prayers to Beogh against you.
Something smites you!
* * * LOW HITPOINT WARNING * * *
The orc warrior hits you from afar with a glaive!
You die...

Action                   |  1- 3 |  4- 6 |  7- 9 || total
-------------------------+-------+-------+-------++-------
Melee: Dagger            |    52 |       |       ||    52
       Falchion          |    99 |   227 |   141 ||   467
       Long sword        |       |       |   194 ||   194
       Great sword       |       |       |    53 ||    53
 Fire: Blowgun           |       |     7 |       ||     7
Invok: Temporal Distorti |       |       |     1 ||     1
  Use: Scroll            |       |     9 |     4 ||    13
       Potion            |       |     1 |       ||     1
 Stab: Sleeping          |     3 |     3 |    10 ||    16
  Eat: Chunk             |     3 |     4 |     6 ||    13

Vault maps used:
D:1:      saegor_arrival_simple_b
D:2:      grunt_temple_overflow_open, ecumenical_altar_1
D:3:      first_bread, uniq_crazy_yiuf_cottage, uniq_sigmund, uniq_robin
D:4:      kennysheep_spiral_hall, minmay_temple_entry_statues_fountains,
          serial_shops, nicolae_shop_waterfront
D:5:      nicolae_ossuary_entry_plus, portal_sewer_entry_a, serial_shops, shop
D:6:      nicolae_overflow_hidden_temple
Sewer:    sewer_frog_island_02

Notes
Turn   | Place    | Note
--------------------------------------------------------------
     0 | D:1      | ventricule the Hill Orc Assassin began the quest for the Orb.
     0 | D:1      | Reached XP level 1. HP: 18/18 MP: 1/1
    37 | D:1      | Reached skill level 3 in Fighting
    37 | D:1      | Reached XP level 2. HP: 19/26 MP: 2/2
   410 | D:2      | You fall through a shaft!
   814 | D:2      | Reached XP level 3. HP: 10/31 MP: 3/3
  1150 | D:2      | Found an opulent altar of Gozag.
  1171 | D:2      | Reached skill level 1 in Armour
  1229 | D:2      | Found a snail-covered altar of Cheibriados.
  1232 | D:2      | Found a stormy altar of Qazlal.
  1235 | D:2      | Found a sparkling altar of Nemelex Xobeh.
  1246 | D:2      | Became a worshipper of Cheibriados the Contemplative
  1279 | D:2      | Reached skill level 1 in Dodging
  1765 | D:2      | Found a faded altar to an unknown god.
  1849 | D:1      | Reached skill level 1 in Long Blades
  1893 | D:1      | Reached skill level 1 in Shields
  1924 | D:1      | Reached XP level 4. HP: 24/38 MP: 4/4
  1945 | D:1      | Reached * piety under Cheibriados
  2800 | D:3      | Reached skill level 2 in Armour
  3006 | D:3      | Noticed Robin
  3013 | D:3      | Reached ** piety under Cheibriados
  3020 | D:3      | Killed Robin
  3020 | D:3      | Reached XP level 5. HP: 40/45 MP: 5/5
  3025 | D:3      | Reached skill level 2 in Shields
  3038 | D:3      | Noticed Crazy Yiuf
  3242 | D:3      | Killed Crazy Yiuf
  3263 | D:3      | Reached skill level 2 in Long Blades
  3263 | D:3      | Reached skill level 2 in Dodging
  3321 | D:3      | Noticed anything's ghost (amateur KoHu)
  3326 | D:3      | Noticed Sigmund
  3532 | D:3      | Killed anything's ghost
  3532 | D:3      | Reached skill level 3 in Armour
  3532 | D:3      | Reached XP level 6. HP: 21/51 MP: 6/6
  3764 | D:3      | Reached skill level 3 in Shields
  3879 | D:3      | Killed Sigmund
  3879 | D:3      | Reached skill level 3 in Long Blades
  3879 | D:3      | Reached XP level 7. HP: 53/57 MP: 7/7
  3912 | D:3      | Reached *** piety under Cheibriados
  4387 | D:4      | Reached skill level 4 in Shields
  4391 | D:4      | Reached skill level 3 in Dodging
  4438 | D:4      | Found a staircase to the Ecumenical Temple.
  4605 | D:4      | Reached skill level 4 in Armour
  4837 | D:4      | Reached skill level 4 in Long Blades
  5087 | D:4      | Found Dusiphif's Assorted Antiques.
  5100 | D:4      | Bought 2 fizzy yellow potions for 57 gold pieces
  5234 | D:4      | Reached **** piety under Cheibriados
  5290 | D:5      | Entered Level 5 of the Dungeon
  5381 | D:5      | Reached XP level 8. HP: 63/63 MP: 8/8
  5383 | D:5      | Found a glowing drain.
  5414 | Sewer    | Entered a sewer
  5430 | Sewer    | Reached skill level 5 in Long Blades
  5552 | Sewer    | Reached ***** piety under Cheibriados
  5664 | Sewer    | Reached skill level 6 in Long Blades
  5784 | D:5      | Noticed a wyvern
  5793 | D:5      | Killed a wyvern
  5793 | D:5      | Reached skill level 7 in Long Blades
  5950 | D:5      | Found Laduyng's Jewellery Boutique.
  6026 | D:5      | Reached skill level 8 in Long Blades
  6467 | D:5      | Got a translucent great sword
  6473 | D:5      | Identified the +0 great sword "Pendulum" {venom, Str+3} (You found it on level 5 of the Dungeon)
  6562 | D:5      | Reached XP level 9. HP: 70/70 MP: 9/9
  6576 | D:5      | Reached skill level 9 in Long Blades
  7011 | D:6      | Reached skill level 10 in Long Blades
  7095 | D:6      | Found a bloodstained altar of Trog.
  7095 | D:6      | Found a glowing silver altar of Zin.
  7119 | D:6      | HP: 2/70 [orc priest/divine providence (14)]
  7119 | D:6      | Mangled by an orc warrior

Vanquished Creatures
  Sigmund (D:3)
  A wyvern (D:5)
  The ghost of anything the Bolt Thrower, an amateur KoHu (D:3)
  A sky beast (D:5)
  2 centaurs (D:5)
  2 ogres
  2 giant frogs (Sewer)
  3 scorpions (D:5)
  2 orc priests (D:6)
  A centaur zombie (D:6)
  2 jellies (D:6)
  3 hounds
  3 orc wizards
  Crazy Yiuf (D:3)
  A giant frog skeleton (D:5)
  7 worker ants
  Robin (D:3)
  11 adders
  6 gnolls
  11 oozes
  An adder skeleton (D:4)
  5 worms
  6 giant geckos
  15 orcs
  8 bats (D:1)
  21 giant cockroaches
  17 goblins
  10 hobgoblins
  12 jackals
  7 kobolds
  7 quokkas
  13 ball pythons
  A giant cockroach zombie (D:6)
  A giant gecko zombie (D:6)
  17 giant newts
  A jackal skeleton (D:6)
  8 rats
212 creatures vanquished.
